 Dungeon Crawl Stone Soup version 0.19-a0-1238-gee6bd96 (webtiles) character file.

61 George the Conjurer (level 4, -8/27 HPs)
             Began as an Octopode Conjurer on Aug 26, 2016.
             Mangled by Sigmund
             ... wielding a +0 scythe
              (10 damage)
             ... on level 2 of the Dungeon.
             The game lasted 00:04:33 (1880 turns).

George the Conjurer (Octopode Conjurer)             Turns: 1880, Time: 00:04:34

Health: -8/27      AC:  1    Str:  7    XL:     4   Next: 7%
Magic:  1/7        EV: 13    Int: 18    God:
Gold:   72         SH:  0    Dex: 12    Spells: 2 memorised, 4 levels left

rFire  . . .     SeeInvis .     s - +0 rapier
rCold  . . .     Gourm    .     (no shield)
rNeg   . . .     Faith    .     (helmet restricted)
rPois  .         Spirit   .     (no amulet)
rElec  .         Dismiss  .     (no ring)
rCorr  .         Reflect  .     (no ring)
MR     .....     Harm     .     (no ring)
Stlth  +++.......               (no ring)
                                (no ring)
                                (no ring)
                                (no ring)
                                (no ring)

@: no status effects
A: almost no armour, amphibious, 8 rings, constrict 8, camouflage 1, gelatinous
body 1
a: no special abilities


You were on level 2 of the Dungeon.
You were not hungry.

You visited 1 branch of the dungeon, and saw 2 of its levels.

You collected 72 gold pieces.

Inventory:

Hand Weapons
 s - a +0 rapier (weapon)
Scrolls
 c - a scroll of enchant weapon {unknown}
 d - a scroll of teleportation {unknown}
 i - 2 scrolls of magic mapping {unknown}
 j - a scroll of immolation {unknown}
 l - a scroll of blinking {unknown}
 m - a scroll of recharging {unknown}
 o - a scroll of amnesia {unknown}
 r - a scroll of enchant armour {unknown}
Potions
 e - 3 potions of brilliance {unknown}
 h - 3 potions of agility {unknown}
 p - 2 potions of might {unknown}
Books
 a - a book of Conjurations

   Spells                             Type                      Level
   a - Magic Dart                     Conjuration                  1
   b - Searing Ray                    Conjuration                  2
   c - Dazzling Spray                 Conjuration/Hexes            3
   d - Fulminant Prism                Conjuration/Hexes            4
   e - Iskenderun's Mystic Blast      Conjuration                  4
   f - Iskenderun's Battlesphere      Conjuration/Charms           5
Comestibles
 b - 2 bread rations
 f - a slice of pizza
 g - a beef jerky
 n - 2 meat rations


   Skills:
 - Level 2.0 Dodging
 - Level 2.6 Stealth
 - Level 2.0 Spellcasting
 + Level 5.5 Conjurations


You had 4 spell levels left.
You knew the following spells:

 Your Spells              Type           Power        Failure   Level  Hunger
a - Magic Dart            Conj           ###.         1%          1    #......
b - Searing Ray           Conj           ###...       2%          2    ###....


Dungeon Overview and Level Annotations

Branches:
Dungeon (2/15)

Altars:
The Shining One

Annotations:
D:2 Sigmund


Innate Abilities, Weirdness & Mutations

You cannot wear most types of armour.
You are amphibious.
You can wear up to eight rings at the same time.
You can use your tentacles to constrict eight enemies at once.
Your skin changes colour to match your surroundings (Stealth+).
Your rubbery body absorbs attacks. (AC +1, EV +1)


Message History

The searing ray misses Sigmund.
You finish channeling your searing ray.
Sigmund hits you from afar with a scythe.
Casting: Searing Ray
Confirm with . or Enter, or press ? or * to list all spells.
Aiming: Searing Ray
Press: ? - help, Shift-Dir - straight line, f/p - Sigmund
Aim: Sigmund, wielding a scythe and wearing a robe (heavily wounded)
The searing ray hits Sigmund.
Sigmund is severely wounded.
Sigmund closely misses you.
Without enough magic to sustain it, your searing ray dissipates.
Sigmund misses you.
You closely miss Sigmund. Your grab misses Sigmund.
Sigmund is severely wounded.
Sigmund hits you with a scythe!
* * * LOW HITPOINT WARNING * * *
You hit Sigmund. You grab Sigmund.
Sigmund is severely wounded.
You constrict Sigmund. Sigmund hits you with a scythe!
You die...

#.####..#.##### #####
#.............. .[...
######.#.#.#.##
.....#+#### ####.#(#.###
..........# #...#..(#.##
..........# #....#.#.###
..........# #..)#.#.#.##
.....?@...# #...........
.......@(.# #.........##
..........# #...........
#########.######'##.####
#..# #.##.# ## ##.##
#.##.# #. ###..####.##.#
#. +............# #.
####..###+#### ##
#........# #


You could see Sigmund.

Vanquished Creatures
  Ijyb (D:2)
  An adder (D:2)
  3 worms (D:2)
  2 goblins
  3 hobgoblins
  4 bats
  A giant newt (D:2)
  4 kobolds
  5 rats
24 creatures vanquished.

Vanquished Creatures (others)
  4 toadstools (D:1)
4 creatures vanquished.

Grand Total: 28 creatures vanquished

Notes
Turn   | Place    | Note
-------+----------+-------------------------------------------
     0 | D:1      | George the Octopode Conjurer began the quest for the Orb.
     0 | D:1      | Reached XP level 1. HP: 11/11 MP: 3/3
   763 | D:2      | Reached XP level 2. HP: 7/17 MP: 5/5
  1356 | D:2      | Reached skill level 5 in Conjurations
  1356 | D:2      | Reached XP level 3. HP: 19/21 MP: 3/6
  1488 | D:2      | Found a glowing golden altar of the Shining One.
  1516 | D:2      | Noticed Ijyb
  1556 | D:2      | Killed Ijyb
  1556 | D:2      | Reached XP level 4. HP: 14/27 MP: 0/7
  1856 | D:2      | Noticed Sigmund
  1861 | D:2      | Learned a level 2 spell: Searing Ray
  1880 | D:2      | Mangled by Sigmund

Vault maps used:
D:1:      ldierk_walled_garden_2
D:2:      minmay_wonky_spiral, overflow_temple_1_default,
          hangedman_abyss_or_decor_lesser_grid, minmay_tiny_reverse_x,
          uniq_sigmund, uniq_iyjb, uniq_jessica

Skill      XL: |  1  2 |
---------------+-------+-----
Conjurations   | 5 |  5.5
Dodging        | |  2.0
Stealth        | |  2.6
Spellcasting   | |  2.0

Action                   |  1- 3 |  4- 6 || total
-------------------------+-------+-------++-------
Melee: Short sword       |    16 |       ||    16
       Unarmed           |     4 |       ||     4
       Constrict         |     7 |     1 ||     8
       Tentacles         |     4 |       ||     4
       Rapier            |     5 |     2 ||     7
 Cast: Magic Dart        |    50 |     1 ||    51
       Searing Ray       |       |     2 ||     2
 Stab: Sleeping          |     1 |       ||     1
  Eat: Chunk             |     2 |     2 ||     4
Armor: Skin              |     3 |       ||     3
Dodge: Dodged            |    11 |     5 ||    16
